AoeStats
← Pestilenz666

Arena

506725760Analyzed
4v4 RM · 17d ago on Sep 14, 2026· 42m 17s· 8 players
Game mode
Random Map
Map size
Large (8 player)
Population
200
Speed
Normal
Resources
Standard
Victory
Conquest
Starting age
Dark Age
Ending age
Imperial Age
RankedLock teamsTeams togetherTeam positionsShared explorationLock speedFull tech treeHidden civsTurbo modeCheats
Victory
Defeat
🇧🇴 Italians · Bolivia
856
+12
🇧🇴 Hindustanis · Bolivia
796
+14
🇧🇴 Burgundians · Bolivia
785
+15
🇧🇴 Portuguese · Bolivia
757
+35
🇵🇪 Wu · Peru
804
-16
🇪🇸 Franks · Spain
773
-38
🇩🇪 Britons · Germany
763
-14
🇲🇽 Byzantines · Mexico
701
-12
yabin.belrojo
14:22 Feudal Age
16:30 Horse Collar
16:45 Gold Mining
21:02 Castle Age
18:58 Stone Mining
19:09 Double-Bit Axe
23:26 Gold Shaft Mining
23:17 Bow Saw
23:11 Heavy Plow
28:52 Imperial Age
31:09 Wheelbarrow
36:19 Hand Cart
Pestilenz666
0:38 Loom
10:11 Feudal Age
13:59 Double-Bit Axe
19:23 Castle Age
17:35 Fletching
17:41 Gold Mining
17:44 Stone Mining
17:39 Horse Collar
23:10 Gold Shaft Mining
22:45 Bodkin Arrow
23:16 Heavy Plow
25:02 Wheelbarrow
26:01 Padded Archer Armor
28:00 Leather Archer Armor
29:46 Hand Cart
32:36 Imperial Age
29:57 Town Watch
32:01 Ballistics
32:11 Town Patrol
35:18 Conscription
37:16 Yeomen
39:48 Elite Longbowman
41:34 Chemistry
40:37 Bracer
41:08 Ring Archer Armor
ruben92_7
13:40 Feudal Age
15:04 Wheelbarrow
MiguelAngel
0:45 Loom
13:14 Feudal Age
20:36 Castle Age
18:32 Double-Bit Axe
22:41 Horse Collar
23:14 Bow Saw
23:00 Gold Mining
30:36 Imperial Age
Polsters73
11:16 Feudal Age
17:14 Castle Age
15:40 Loom
16:18 Double-Bit Axe
19:19 Pikeman
24:06 Fletching
24:19 Scale Mail Armor
29:35 Bodkin Arrow
32:15 Gold Mining
37:53 Imperial Age
36:16 Gold Shaft Mining
39:44 Forging
39:39 Scale Barding Armor
40:27 Conscription
40:14 Husbandry
39:38 Cavalier
42:56 Iron Casting
42:42 Chain Barding Armor
kyprot
10:34 Feudal Age
11:54 Double-Bit Axe
18:52 Castle Age
21:01 Bow Saw
21:56 Loom
23:08 Fletching
23:23 Horse Collar
30:40 Wheelbarrow
30:52 Ballistics
31:39 Bodkin Arrow
31:48 Padded Archer Armor
39:12 Imperial Age
40:24 Conscription
40:02 Gold Mining
40:04 Stone Mining
HSSSJA
1:36 Loom
11:23 Feudal Age
18:25 Castle Age
16:19 Double-Bit Axe
19:31 Pikeman
23:23 Horse Collar
24:26 Fletching
25:44 Scale Mail Armor
27:27 Chain Mail Armor
32:45 Gold Mining
33:52 Forging
35:11 Ballistics
35:02 Fortified Wall
38:00 Imperial Age
37:22 Murder Holes
38:32 Heavy Camel Rider
41:02 Gold Shaft Mining
ARJ
7:42 Loom
9:38 Feudal Age
13:39 Loom
16:34 Castle Age
15:18 Double-Bit Axe
18:05 Fletching
19:28 Bodkin Arrow
25:38 Wheelbarrow
25:26 Bow Saw
27:09 Horse Collar
32:05 Imperial Age
32:59 Bracer
33:00 Padded Archer Armor
34:33 Chemistry
34:01 Conscription
35:05 Leather Archer Armor
35:19 Masonry
35:57 Ballistics
35:44 Thumb Ring
36:13 Ring Archer Armor
40:31 Conscription
Connection lost

Rejoining the realm…

Still unreachable

The connection could not be restored.

Session expired

The server has moved on; the page needs a fresh start.